 Dungeon Crawl Stone Soup version 0.30-a0-916-g9813417 (webtiles) character file.

Game seed: 14951574315671195487

35 Dorkslayer the Trooper (level 3, 0/33 HPs)
             Began as a Hill Orc Fighter on Apr 13, 2023.
             Succumbed to Sigmund's poison
             ... on level 2 of the Dungeon on Apr 15, 2023.
             The game lasted 00:31:06 (1509 turns).

Dorkslayer the Trooper (Hill Orc Fighter)           Turns: 1509, Time: 00:31:08

Health: 0/33       AC:  9    Str: 20    XL:     3   Next: 33%
Magic:  3/3        EV:  7    Int:  8    God:
Gold:   79         SH:  4    Dex: 10    Spells: 2/2 levels left

rFire   . . .      SeeInvis .    a - +0 war axe
rCold   . . .      Faith    .    c - +0 buckler
rNeg    . . .      Spirit   .    r - +0 chain mail
rPois   .          Reflect  .    (no helmet)
rElec   .          Rampage  .    (no cloak)
rCorr   .                        (no gloves)
Will    .....                    (no boots) Stlth
                                 j - amulet of the acrobat
HPRegen 0.25/turn                (no ring)
MPRegen 0.08/turn                (no ring)

@: mighty, lethally poisoned (0 -> -4)
A: no striking features
a: no special abilities


You were on level 2 of the Dungeon.
You visited 1 branch of the dungeon, and saw 2 of its levels.

You collected 121 gold pieces.
You spent 42 gold pieces at shops.

Inventory:

Hand Weapons
 a - a +0 war axe (weapon)
Armour
 c - a +0 buckler (worn)
 r - a +0 chain mail (worn)
Jewellery
 j - an amulet of the acrobat (around neck)
Scrolls
 e - a scroll of poison {unknown}
 g - 3 scrolls of vulnerability {unknown}
 h - a scroll of enchant armour {unknown}
 k - 3 scrolls of teleportation {unknown}
 l - 2 scrolls of identify {unknown}
 m - 3 scrolls of noise {unknown}
Potions
 b - a potion of invisibility {unknown}
 f - a potion of mutation {unknown}
 i - a potion of resistance {unknown}
 n - 2 potions of lignification {unknown}
 o - a potion of ambrosia {unknown}
 q - a potion of haste {unknown}


   Skills:
 + Level 4.1 Fighting
 + Level 3.4 Axes
 + Level 3.6 Armour
 + Level 3.6 Shields


You had 2 spell levels left.
You didn't know any spells.
Your spell library contained the following spells:

 Spells                   Type           Power      Damage    Failure   Level
 Blink                    Tloc           0%         N/A       100%        2
 Manifold Assault         Tloc           0%         N/A       100%        4
 Blade Hands              Tmut           0%         N/A       100%        5
 Irradiate                Conj/Tmut      0%         3d11      100%        5
 Dragon Form              Tmut           0%         N/A       100%        7
 Storm Form               Tmut/Air       0%         N/A       100%        7


Dungeon Overview and Level Annotations

Branches:
Dungeon (2/15)

Altars:

Shops:
D:2 ![*


Message History

You are poisoned.
You feel very sick.
You hit Sigmund.
Sigmund is lightly wounded.
You feel sick. Sigmund hits you but does no damage.
You are more poisoned.
You slash Sigmund!
Sigmund is heavily wounded.
You feel very sick. Sigmund closely misses you.
You completely miss Sigmund.
Sigmund is heavily wounded.
You feel very sick.
Sigmund says, "Your kind have come here before.
I understand now why.
You desire death..."
Sigmund hits you but does no damage.
You are lethally poisoned!
You feel better.
Sigmund hits you with a +3 scythe of venom!
You are lethally poisoned!
You hit Sigmund but do no damage.
Sigmund is heavily wounded.
* * * LOW HITPOINT WARNING * * *
You feel very sick. Sigmund barely misses you.
You slash Sigmund!
Sigmund is severely wounded.
* * * LOW HITPOINT WARNING * * *
You feel very sick. You block Sigmund's attack.
You closely miss Sigmund.
Sigmund is severely wounded.
* * * LOW HITPOINT WARNING * * *
You feel very sick.
You barely miss Sigmund.
Sigmund is severely wounded.
* * * LOW HITPOINT WARNING * * *
You feel sick. Sigmund barely misses you.
You slash Sigmund!
You kill Sigmund!
You die...

#.#.....#### ####
#.#..#.....# ...#
#.###..##.## #..#
#.......#.# ..# #
#..######.# ..#
#.#.........#
#.###...##########
#)................
#@##..###########. .
#.##.> #. . #.#### #. .#
#.# #. .# #.# #. .#####
#.# #. ...... #.# #.
#.##############.# ####
#.
.∩.........†.....####.[#
#.


There were no monsters in sight!

Vanquished Creatures
  Sigmund (D:2)
  A dart slug (D:2)
  5 bats
  6 endoplasms
  A giant cockroach (D:1)
  2 goblins (D:1)
  4 hobgoblins
  2 quokkas
  A ball python (D:1)
  2 frilled lizards
  A kobold (D:1)
  5 rats
31 creatures vanquished.

Notes
Turn   | Place    | Note
-------+----------+-------------------------------------------
     0 | D:1      | Dorkslayer the Hill Orc Fighter began the quest for the
                  | Orb.
     0 | D:1      | Reached XP level 1. HP: 19/19 MP: 1/1
   363 | D:1      | Reached XP level 2. HP: 26/27 MP: 2/2
   711 | D:1      | Reached skill level 4 in Fighting
   768 | D:1      | Reached XP level 3. HP: 33/33 MP: 3/3
   859 | D:2      | Found Garuguts's Armour Shoppe.
  1098 | D:2      | Found Javar's General Store.
  1104 | D:2      | Bought a potion of curing for 42 gold pieces
  1400 | D:2      | Found Zoagug's Distillery.
  1495 | D:2      | Noticed Sigmund
  1509 | D:2      | Killed Sigmund
  1509 | D:2      | Succumbed to Sigmund's poison

Illustrated notes

Levels and vault maps discovered:
D:1:      minmay_arrival_widening_spiral_wide, layout_basic, serial_rivers,
          chequers_serial_rivers_micro_e, chequers_serial_rivers_micro_e,
          chequers_serial_rivers_micro_e, chequers_serial_rivers_micro_b
D:2:      minmay_spotlight, layout_basic, serial_shops,
          nicolae_shop_hallway_plus, nicolae_shop_trees, nicolae_shop_crystal,
          nicolae_shop_crystal, shop_fountains, uniq_sigmund

Skill      XL: |  1  2 |
---------------+-------+-----
Axes           | 3 |  3.4
Fighting       | 4 |  4.1
Armour         | |  3.6
Shields        | |  3.6

Action                     || total
---------------------------++-------
  Melee: War axe           ||    59
    Use: Potion            ||     2
 Armour: Scale mail        ||    17
         Chain mail        ||     4
  Dodge: Dodged            ||    33
  Block: Buckler           ||    15

Table legend: (Time is in decaauts)
 A = Elapsed time spent in this place.
 B = Non-inter-level travel time spent in this place.
 C = Inter-level travel time spent in this place.
 D = Time resting spent in this place.
 E = Time spent auto-exploring this place.
 F = Levels seen in this place.
 G = Mean time per level.
                   A        B        C        D        E       F      G
               +--------+--------+--------+--------+--------+-----+--------+
         Total |   1532 |   1532 |      0 |      0 |    901 |   2 |  766.0 |
       Dungeon |   1532 |   1532 |      0 |      0 |    901 |   2 |  766.0 |
               +--------+--------+--------+--------+--------+-----+--------+

Top non-repeatable levels by time:
     D:1: 875 daAuts
     D:2: 656 daAuts
